 Dungeon Crawl Stone Soup version 0.30-a0-166-g5d06c95188 (webtiles) character file.

Game seed: 4473160113913629919

116 Malachi the Scratcher (level 4, -3/19 HPs)
             Began as a Felid Transmuter on Sept 29, 2022.
             Slain by a river rat (9 damage)
             ... in a sewer.
             The game lasted 00:07:06 (4795 turns).

Malachi the Scratcher (Felid Transmuter)            Turns: 4795, Time: 00:07:07

Health: -3/19      AC:  1    Str:  6    XL:     4   Next: 69%
Magic:  8/8        EV: 17    Int: 16    God:
Gold:   116        SH:  0    Dex: 16    Spells: 3/7 levels left
                                        Lives:  0   Deaths: 1

rFire   . . .      SeeInvis +      - Unarmed
rCold   . . .      Faith    .    (shield unavailable)
rNeg    . . .      Spirit   .    (body armour unavailable)
rPois   .          Reflect  .    (helmet unavailable)
rElec   .          Harm     .    (cloak unavailable)
rCorr   .          Rampage  .    (gloves unavailable)
Will    .....                    (boots unavailable)
Stlth   +.........               (no amulet)
HPRegen 0.06/turn                (no ring)
MPRegen 0.11/turn                (no ring)

@: quick
A: very small, claws 1, fangs 3, see invisible, speed 1, shaggy fur 1, stealthy
paws, no weapons or thrown items, no armour, multi-lived
a: no special abilities


You were in a sewer.
You visited 1 branch of the dungeon, and saw 4 of its levels.
You also visited: Sewer.

You collected 166 gold pieces.
You spent 50 gold pieces at shops.

Inventory:

Jewellery
 e - an amulet of regeneration
Scrolls
 c - a scroll of poison
 f - 5 scrolls of identify
 g - 2 scrolls of teleportation
Potions
 a - a potion of lignification
 b - a potion of curing
 d - 2 potions of resistance
 h - a potion of attraction
 i - a potion of haste {unknown}
 j - a potion of might {unknown}
 k - a potion of brilliance {unknown}


   Skills:
 - Level 1.0 Fighting
 - Level 2.6 Dodging
 + Level 6.1 Unarmed Combat
 - Level 2.0 Spellcasting
 - Level 2.1 Transmutations


You had 3 spell levels left.
You knew the following spells:

 Your Spells              Type           Power      Damage    Failure   Level
a - Beastly Appendage     Tmut           16%        N/A       9%          1
b - Spider Form           Tmut/Pois      5%         N/A       36%         3

Your spell library contained the following spells:

 Spells                   Type           Power      Damage    Failure   Level
 Wereblood                Tmut           8%         N/A       13%         2
 Ice Form                 Ice/Tmut       5%         N/A       78%         4


Dungeon Overview and Level Annotations

Branches:
Dungeon (4/15)              Sewer (1/1)
 Temple: D:4-7

Altars:
Ashenzari

Shops:
D:2 *   D:4 (

Annotations:
D:1 2 runed translucent doors
D:2 exclusion: 2 downstairs
D:3 Grinder
D:4 Menkaure


Innate Abilities, Weirdness & Mutations

You have sharp claws.
You have razor-sharp teeth.
You have supernaturally acute eyesight. (SInv)
You cover ground quickly. (Speed+)
You are covered in fur. (AC +1)
Your paws help you pounce on unaware monsters.
You are incapable of wielding weapons or throwing items.
You cannot wear armour.
You gain extra lives every three experience levels.


Message History

The rat completely misses you.
You completely miss the river rat.
The river rat is lightly wounded.
The river rat completely misses you. The rat misses you.
You scratch the river rat but do no damage.
Your headbutt misses the river rat.
The river rat is lightly wounded.
The river rat completely misses you. The rat misses you.
You feel better.
You barely miss the river rat.
The river rat is lightly wounded.
Your horns disappear.
You scratch the rat but do no damage. The river rat misses you.
The rat bites you.
You closely miss the river rat.
The river rat is lightly wounded.
The river rat closely misses you. The rat completely misses you.
There is a gate leading back out of this place here.
You claw the river rat!
The river rat is almost dead.
The river rat bites you.
You closely miss the river rat.
You bite the river rat, but do no damage.
The river rat is almost dead.
The river rat closely misses you.
You completely miss the river rat. Your bite misses the river rat.
The river rat is almost dead.
The river rat misses you.
You scratch the river rat but do no damage.
The river rat is almost dead.
You barely miss the river rat.
The river rat is almost dead.
The river rat misses you.
You barely miss the river rat.
The river rat is almost dead.
The river rat bites you.
You closely miss the river rat.
The river rat is almost dead.
The river rat bites you!
You die...

##...~≈≈≈≈≈
#....~~≈≈≈≈≈
#....~≈≈≈≈≈≈
....~.≈≈≈≈≈
#....~~≈≈≈~
.....~≈≈≈≈
#...~~≈≈≈~
####....≈≈≈≈~
#@###..~~≈≈≈~
#r###...~≈≈≈≈
#r.#....≈≈≈≈≈
##.....~~≈≈~~
#......≈≈≈≈.
##....~.~≈≈~
##.....~.~~.
##........~~.
##........~~~~


You could see a river rat and a rat.

Vanquished Creatures
  A jelly (D:4)
  Natasha (D:4)
  4 adders (D:2)
  A worm (D:3)
  2 dart slugs
  2 orcs (D:3)
  9 ball pythons
  7 bats
  4 endoplasms
  5 giant cockroaches
  3 goblins
  6 hobgoblins
  3 jackals (D:2)
  5 kobolds
  4 quokkas
  6 frilled lizards
  4 rats
67 creatures vanquished.

Notes
Turn   | Place    | Note
-------+----------+-------------------------------------------
     0 | D:1      | Malachi the Felid Transmuter began the quest for the Orb.
     0 | D:1      | Reached XP level 1. HP: 9/9 MP: 4/4
    45 | D:1      | Found a large runed translucent door.
    47 | D:1      | Found a large runed translucent door.
   127 | D:1      | Reached XP level 2. HP: 9/12 MP: 4/6
   588 | D:1      | Reached skill level 4 in Unarmed Combat
  1413 | D:2      | Noticed a shining eye
  1413 | D:2      | Found a faded altar of an unknown god.
  1415 | D:2      | Noticed an eye of devastation
  1415 | D:2      | Noticed a shining eye
  1415 | D:2      | Noticed a golden eye
  1423 | D:2      | Reached XP level 3. HP: 8/15 MP: 7/7
  1816 | D:2      | Found Jawaenu's Assorted Antiques.
  2023 | D:2      | Bought a scroll labelled HUYRGH BAKIEZIO for 25 gold pieces
  2023 | D:2      | Bought a scroll labelled EROUFUHAMN for 25 gold pieces
  2466 | D:2      | Reached XP level 4. HP: 19/19 MP: 8/8
  2525 | D:2      | Reached skill level 5 in Unarmed Combat
  2946 | D:3      | Noticed Grinder
  3027 | D:3      | Found a broken altar of Ashenzari.
  3991 | D:3      | Paralysed by Grinder for 3 turns
  4091 | D:4      | Splashed by a jelly's acid
  4092 | D:4      | Reached XP level 3. HP: -5/15 MP: 7/7
  4100 | D:4      | Reached XP level 4. HP: 19/19 MP: 8/8
  4119 | D:4      | Noticed Menkaure
  4374 | D:4      | Found Gugiomora's Antique Weapon Boutique.
  4381 | D:4      | Noticed Natasha
  4391 | D:4      | Killed Natasha
  4392 | D:4      | Reached skill level 6 in Unarmed Combat
  4427 | D:4      | Found a glowing drain.
  4438 | Sewer    | Entered a sewer
  4759 | Sewer    | Learned a level 3 spell: Spider Form
  4795 | Sewer    | Slain by a river rat

Illustrated notes

Levels and vault maps discovered:
D:1:      erik_arrival_cave_to_civilisation [erik_arrival_cave_to_temple],
          layout_basic, corexii_corridor_pit
D:2:      layout_rooms, serial_shops, nicolae_lakefront_shop,
          hellmonk_ecumenical_altar_watching_god
D:3:      layout_loops_ring, ashenzari_altar_1, uniq_grinder
D:4:      layout_cave_pools, gup_sewer_entry_pipe, dreamdust_mushroom_princess,
          hangedman_decor_slide_cut, nicolae_stop_n_shop_1,
          nicolae_eternal_life, uniq_natasha, uniq_menkaure
Sewer:    sewer_minmay_treatment

Skill      XL: |  1  2  3  4 |
---------------+-------------+-----
Unarmed Combat | 4 6 |  6.1
Fighting       | |  1.0
Dodging        | |  2.6
Spellcasting   | |  2.0
Transmutations | |  2.1

Action                   |  1- 3 |  4- 6 || total
-------------------------+-------+-------++-------
Melee: Unarmed           |    93 |    94 ||   187
       Headbutt          |     9 |     9 ||    18
       Bite              |     7 |     9 ||    16
       Punch             |       |     3 ||     3
 Cast: Beastly Appendage |    19 |    14 ||    33
  Use: Scroll            |     7 |     4 ||    11
       Potion            |       |     1 ||     1
 Stab: Distracted        |     1 |       ||     1
Armor: Skin              |     8 |     3 ||    11
Dodge: Dodged            |    98 |    58 ||   156

Table legend: (Time is in decaauts)
 A = Elapsed time spent in this place.
 B = Non-inter-level travel time spent in this place.
 C = Inter-level travel time spent in this place.
 D = Time resting spent in this place.
 E = Time spent auto-exploring this place.
 F = Levels seen in this place.
 G = Mean time per level.
                   A        B        C        D        E       F      G
               +--------+--------+--------+--------+--------+-----+--------+
         Total |   4306 |   4110 |    196 |   1497 |   1896 |   5 |  861.2 |
       Dungeon |   3956 |   3760 |    196 |   1190 |   1895 |   4 |  989.0 |
         Sewer |    350 |    350 |      0 |    307 |      0 |   1 |  350.0 |
               +--------+--------+--------+--------+--------+-----+--------+

Top non-repeatable levels by time:
     D:1: 1776 daAuts
     D:3: 1113 daAuts
     D:2: 901 daAuts
   Sewer: 350 daAuts
     D:4: 164 daAuts
